 Dungeon Crawl Stone Soup version 0.19.3 (webtiles) character file.

609 Mesmaeker13 the Digger (level 7, -1/36 HPs)
             Began as a Gargoyle Earth Elementalist on Jan 22, 2017.
             Killed by divine providence
             ... invoked by an orc priest
              (15 damage)
             ... on level 4 of the Dungeon.
             The game lasted 00:12:06 (4481 turns).

Mesmaeker13 the Digger (GrEE)                       Turns: 4481, Time: 00:12:07

Health: -1/36      AC:  7    Str: 12    XL:     7   Next: 43%
Magic:  5/12       EV: 12    Int: 19    God:
Gold:   162        SH:  0    Dex: 12    Spells: 3 memorised, 7 levels left

rFire  . . .     SeeInvis .     q - +2 short sword (protect)
rCold  . . .     Gourm    .     c - +0 robe
rNeg   + . .     Faith    .     (no shield)
rPois  ∞         Spirit   .     m - +0 helmet
rElec  +         Reflect  .     (no cloak)
rCorr  .         Harm     .     (no gloves)
MR     +....                    (no boots)
Stlth  ++........               (no amulet)
                                (no ring)
                                (no ring)

@: no status effects
A: agile 1, clever 1, magic resistance 1, negative energy resistance 1,
electricity resistance, unbreathing, petrification resistance, rot immunity, AC
+4
a: no special abilities


You were on level 4 of the Dungeon.
You were not hungry.

You visited 1 branch of the dungeon, and saw 4 of its levels.

You collected 162 gold pieces.

Inventory:

Hand Weapons
 q - a +2 short sword of protection (weapon)
Missiles
 b - 10 stones (quivered)
Armour
 c - a +0 robe (worn)
 m - a +0 helmet (worn)
Scrolls
 f - 2 scrolls of amnesia
 g - 3 scrolls of remove curse
 h - a scroll of enchant weapon
 i - 2 scrolls of recharging
 l - a scroll of teleportation
Potions
 n - a potion of cure mutation
Books
 e - a book of Geomancy

   Spells                             Type                      Level
   a - Sandblast                      Earth                        1
   b - Passwall                       Transmutation/Earth          2
   c - Stone Arrow                    Conjuration/Earth            3
   d - Petrify                        Transmutation/Earth          4
   e - Lee's Rapid Deconstruction     Earth                        5
Comestibles
 d - a bread ration
 k - a beef jerky
 o - 5 chunks of flesh
 p - a meat ration


   Skills:
 - Level 1.5 Dodging
 - Level 2.1 Stealth
 + Level 3.7 Spellcasting
 + Level 4.2 Conjurations
 - Level 0.7 Transmutations
 + Level 7.6 Earth Magic


You had 7 spell levels left.
You knew the following spells:

 Your Spells              Type           Power        Failure   Level  Hunger
a - Sandblast             Erth           ####..       1%          1    None
b - Stone Arrow           Conj/Erth      ####..       4%          3    ###....
c - Passwall              Tmut/Erth      ###.......   4%          2    ##.....


Dungeon Overview and Level Annotations

Branches:
Dungeon (4/15)
 Temple: D:4-7

Altars:
Dithmenos


Innate Abilities, Weirdness & Mutations

You are resistant to torment.
Your stone body is resilient. (AC +4)
You are immune to poison.
You resist negative energy. (rN+)
You are resistant to electric shocks. (rElec)
You can survive without breathing.
You are immune to petrification.
You are immune to rotting.
You are agile. (Dex +2)
Your mind is acute. (Int +2)
You are resistant to hostile enchantments. (MR+)


Message History

Aiming: Stone Arrow
Press: ? - help, Shift-Dir - straight line, f - orc
Aim: an orc, wielding a club The stone arrow hits the orc.
You kill the orc!
The orc priest shouts!
You hit the orc.
The orc is lightly wounded.
The orc hits you with a whip.
You hit the orc.
You kill the orc!
The orc priest invokes the aid of Beogh against you.
Beogh smites you!
You closely miss the orc. The orc closely misses you.
The orc closely misses you.
The orc priest mumbles some strange prayers to Beogh against you.
Beogh smites you!
The orc priest invokes the aid of Beogh against you.
Beogh smites you!
You die...

.........# .#
.........########.#
...>..............#
.##.###..#######..#
........#######..####
..#.##...##..........#
.....(...........#
..#.##...##.####.# #
#.......# #@#
........#### #.#
.#.##..## #o# ... ...
#.# .# ##.. #.# . .o.
#.# ..... #o#
.#...########.#####
..o...).o.........#


You could see an orc priest and an orc.

Vanquished Creatures
  A hound (D:3)
  4 orc priests
  4 orc wizards
  Natasha (thrice) (D:3)
  2 worker ants
  Robin (D:2)
  11 adders
  An ooze (D:2)
  3 worms (D:2)
  5 dart slugs
  2 leopard geckos (D:2)
  8 orcs
  13 bats
  2 giant cockroaches
  10 goblins
  12 hobgoblins
  2 quokkas
  2 frilled lizards
  4 kobolds
  12 rats
102 creatures vanquished.

Notes
Turn   | Place    | Note
-------+----------+-------------------------------------------
     0 | D:1      | Mesmaeker13 the Gargoyle Earth Elementalist began the quest for the Orb.
     0 | D:1      | Reached XP level 1. HP: 10/10 MP: 3/3
    86 | D:1      | Reached skill level 4 in Earth Magic
   159 | D:1      | Reached XP level 2. HP: 15/15 MP: 1/5
   831 | D:2      | Reached skill level 5 in Earth Magic
   831 | D:2      | Reached XP level 3. HP: 19/19 MP: 2/6
  1046 | D:2      | Reached XP level 4. HP: 24/24 MP: 1/7
  1157 | D:2      | Learned a level 3 spell: Stone Arrow
  1230 | D:2      | Reached skill level 1 in Conjurations
  1637 | D:2      | Noticed Robin
  1642 | D:2      | Reached skill level 6 in Earth Magic
  1660 | D:2      | Killed Robin
  2051 | D:2      | Reached XP level 5. HP: 27/28 MP: 0/8
  2701 | D:4      | Learned a level 2 spell: Passwall
  2807 | D:3      | Reached XP level 6. HP: 26/32 MP: 1/10
  3022 | D:3      | Noticed Natasha
  3032 | D:3      | Killed Natasha
  3092 | D:3      | Noticed Natasha
  3102 | D:3      | Killed Natasha
  3349 | D:3      | Noticed Natasha
  3353 | D:3      | Killed Natasha
  3353 | D:3      | Reached skill level 7 in Earth Magic
  3557 | D:3      | Found a shadowy altar of Dithmenos.
  3777 | D:3      | Gained mutation: You are resistant to hostile enchantments. (MR+) [potion of mutation]
  3777 | D:3      | Gained mutation: You are agile. (Dex +2) [potion of mutation]
  3777 | D:3      | Gained mutation: Your mind is acute. (Int +2) [potion of mutation]
  3961 | D:3      | Reached XP level 7. HP: 15/36 MP: 7/12
  4481 | D:4      | Killed from afar by an orc priest

Skill      XL: |  1  2  3  4  5  6  7 |
---------------+----------------------+-----
Earth Magic    | 4 5 6 7 |  7.6
Conjurations   | 1 3 4 |  4.2
Spellcasting   | 3 |  3.7
Dodging        | |  1.5
Stealth        | |  2.1
Transmutations | |  0.7

Action                   |  1- 3 |  4- 6 |  7- 9 || total
-------------------------+-------+-------+-------++-------
Melee: Dagger            |    30 |    62 |       ||    92
       Short sword       |       |       |    22 ||    22
 Cast: Sandblast         |    36 |    93 |    11 ||   140
       Stone Arrow       |       |    16 |     7 ||    23
  Use: Scroll            |       |     7 |     2 ||     9
       Potion            |       |     1 |       ||     1
  Eat: Chunk             |     1 |     9 |       ||    10
       Bread ration      |       |     1 |       ||     1
Armor: Robe              |    28 |    34 |     8 ||    70
Dodge: Dodged            |    36 |    58 |    13 ||   107
